 Dungeon Crawl Stone Soup version 0.29.1-4-g47bece8355 (webtiles) character file.

Game seed: 15655537791148127529

44 DoIIoM the Caller (level 3, 0/31 HPs)
             Began as an Octopode Summoner on Dec 2, 2022.
             Succumbed to an adder's poison
             ... on level 2 of the Dungeon.
             The game lasted 00:02:51 (1625 turns).

DoIIoM the Caller (Octopode Summoner)               Turns: 1625, Time: 00:02:51

Health: 0/31       AC:  1    Str:  7    XL:     3   Next: 62%
Magic:  4/7        EV: 13    Int: 19    God:
Gold:   24         SH:  0    Dex: 12    Spells: 4/7 levels left

rFire   . . .      SeeInvis .   b - +0 dagger
rCold   . . .      Faith    .   (no shield)
rNeg    . . .      Spirit   .   (helmet restricted)
rPois   .          Reflect  .   (no amulet)
rElec   .          Harm     .   (no ring)
rCorr   .          Rampage  .   (no ring)
Will    .....                   (no ring)
Stlth   ..........              (no ring)
HPRegen 0.10/turn               (no ring)
MPRegen 0.10/turn               (no ring)
                                (no ring)
                                (no ring)

@: mighty, berserking, lethally poisoned (0 -> -7), attractive, very quick
A: almost no armour, amphibious, 8 rings, camouflage 1, gelatinous body 1,
(nimble swimmer 1), tentacles
a: no special abilities


You were on level 2 of the Dungeon.
You visited 1 branch of the dungeon, and saw 2 of its levels.

You collected 24 gold pieces.

Inventory:

Hand Weapons
 b - a +0 dagger (weapon)
Scrolls
 c - a scroll of teleportation {unknown}
 f - a scroll of immolation {unknown}
 i - a scroll of fear {unknown}
 j - a scroll of silence {unknown}
Potions
 a - a potion of magic
 d - a potion of might
 h - a potion of heal wounds {unknown}


   Skills:
 - Level 2.0 Dodging
 - Level 3.0 Stealth
 + Level 2.8 Spellcasting
 + Level 4.6 Summonings


You had 4 spell levels left.
You knew the following spells:

 Your Spells              Type           Power      Damage    Failure   Level
a - Summon Small Mammal   Summ           80%        N/A       2%          1
b - Call Imp              Summ           20%        N/A       3%          2

Your spell library contained the following spells:

 Spells                   Type           Power      Damage    Failure   Level
 Call Canine Familiar     Summ           20%        N/A       7%          3
 Summon Guardian Golem    Hex/Summ       11%        N/A       19%         3
 Ozocubu's Armour         Ice            2%         N/A       43%         3
 Summon Lightning Spire   Summ/Air       11%        N/A       52%         4
 Metabolic Englaciation   Hex/Ice        1%         N/A       99%         5
 Simulacrum               Ice/Necr       1%         N/A       100%        6


Dungeon Overview and Level Annotations

Branches:
Dungeon (2/15)

Altars:
Xom


Innate Abilities, Weirdness & Mutations

You cannot wear most types of armour.
You are amphibious.
You can wear up to eight rings at the same time.
Your skin changes colour to match your surroundings (Stealth+).
Your rubbery body absorbs attacks. (AC +1, EV +1)
((You are camouflaged when in or above water. (Stealth+)))
You have tentacles for arms and can constrict up to eight enemies at once.


Message History

A beastly little devil appears in a puff of flame.
The adder bites you. The adder barely misses you.
Your crimson imp hits the adder.
You barely miss the adder. Your grab misses the adder.
The adder is moderately wounded.
The adder closely misses you.
Your crimson imp barely misses the adder.
You barely miss the adder. Your grab misses the adder.
The adder is moderately wounded.
The adder bites you.
You are poisoned.
The adder poisons you!
Your crimson imp misses the adder.
You hit the adder. Your grab misses the adder.
The adder is heavily wounded.
You feel sick. The adder bites you.
You are lethally poisoned!
The adder poisons you! The adder bites you but does no damage.
Your crimson imp misses the adder.
You are too injured to fight recklessly!
Unknown command.
* * * LOW HITPOINT WARNING * * *
You feel very sick.
Your crimson imp completely misses the adder.
It was a potion of might.
You feel very mighty all of a sudden.
* * * LOW HITPOINT WARNING * * *
You feel sick. The adder misses you.
Your crimson imp barely misses the adder.
Your magical contamination has completely faded away.
Unknown command.
It was a potion of attraction.
You feel attractive to monsters.
* * * LOW HITPOINT WARNING * * *
You feel sick. The adder bites you but does no damage.
Your crimson imp blinks!
Unknown command.
It was a potion of berserk rage.
A red film seems to cover your vision as you go berserk!
You feel yourself moving faster!
You feel mighty!
You die...

.###### #.#... #
......## #.#... ..
#####..## #.##.#
##... ##
##..###.##.###...#
.#
#.....#.##.#...#
.#
#.##..#.##...###.#
.# #.
#.........ยง...#
.#
#.##......##S#####
## #.....>.####@#
#..####.# #.# ....
#.# #.# #### #.#
#.# #.# #5# #.#
#.# #.# #.# #.#
#.# #.#


You could see an adder (ally target) and a friendly crimson imp (summoned).

Vanquished Creatures
  2 adders (D:2)
  A dart slug (D:2)
  2 endoplasms (D:1)
  A giant cockroach (D:1)
  A hobgoblin (D:2)
  A kobold (D:1)
  A quokka (D:2)
  A ball python (D:1)
  2 bats (D:1)
  3 goblins (D:1)
  4 rats (D:1)
19 creatures vanquished.

Vanquished Creatures (collateral kills)
  2 ball pythons (D:2)
  An endoplasm (D:1)
  A quokka (D:1)
  A bat (D:1)
5 creatures vanquished.

Vanquished Creatures (others)
  4 toadstools (D:1)
4 creatures vanquished.

Grand Total: 28 creatures vanquished

Notes
Turn   | Place    | Note
-------+----------+-------------------------------------------
     0 | D:1      | DoIIoM the Octopode Summoner began the quest for the Orb.
     0 | D:1      | Reached XP level 1. HP: 11/11 MP: 3/3
   518 | D:1      | Reached XP level 2. HP: 17/17 MP: 5/5
   521 | D:1      | Learned a level 2 spell: Call Imp
  1123 | D:1      | Found a faded altar of an unknown god.
  1233 | D:2      | Found a shimmering altar of Xom.
  1248 | D:2      | Reached XP level 3. HP: 13/21 MP: 4/7
  1624 | D:2      | HP: 1/21 [poisoned by an adder]
  1625 | D:2      | Succumbed to an adder's poison

Illustrated notes

Levels and vault maps discovered:
D:1:      ldierk_water_garden, layout_basic,
          dreamdust_ecumenical_altar_hidden_monk_grotto
D:2:      layout_basic, basic_altar

Skill      XL: |  1 |
---------------+----+-----
Stealth        | 3 |  3.0
Dodging        | |  2.0
Spellcasting   | |  2.8
Summonings     | |  4.6

Action                   || total
-------------------------++-------
Melee: Dagger            ||    37
       Unarmed           ||     5
       Constrict         ||     8
       Tentacles         ||     6
 Cast: Summon Small Mamm ||     2
       Call Imp          ||     6
  Use: Potion            ||     3
 Stab: Sleeping          ||     6
Armor: Skin              ||     6
Dodge: Dodged            ||    35
